cohdb
Replays
Latest Replays
All Replays
Popular Replays
Top Player Replays
Match Explorer
How It Works
Community
CoH3 Stats
Reddit
Sign in to upload your games and track your stats! →
Sign in with Steam
Match 41866235
Unlisted
Match 41866235
Overview
Messages
Build Orders
End
Kettenkrad Recon Vehicle
Construct Infanterie Kompanie
Selects Luftwaffe Battlegroup
Selects Luftwaffe Pioneer Support
Fallschirmpioneer Squad Paradrop
Construct Infanterie Kompanie
MG 42 Machine Gun Team
Fallschirmpioneer Squad Paradrop
Construct Luftwaffe Kompanie
Selects LG40 Recoilless Gun Paradrop
Jäger Squad
Support Elements
LG40 Recoilless Gun Paradrop
Wirbelwind Flakpanzer
Luftwaffe Officer Quarters
Selects Stuka Strafing Run
T.R. Thoton
Crow
Flankenheinz
PMC
Der Wüstenhase
Kylen
runningDuck
Fey Mood
0
0
Comments
sign in to comment!
No comments posted yet!